 Dungeon Crawl Stone Soup version 0.21.1-1-g345015fe64 (webtiles) character file.

151 patthesweetcat the Shield-Bearer (level 5, -4/36 HPs)
             Began as a Halfling Fighter on June 25, 2018.
             Slain by an ogre
             ... wielding a +0 giant club
              (16 damage)
             ... on level 4 of the Dungeon.
             The game lasted 00:16:55 (2438 turns).

patthesweetcat the Shield-Bearer (Halfling Fighter) Turns: 2438, Time: 00:16:56

Health: -4/36      AC:  5    Str: 18    XL:     5   Next: 60%
Magic:  5/5        EV:  9    Int:  6    God:
Gold:   39         SH: 10    Dex: 14    Spells: 4/4 levels left

rFire    . . .     SeeInvis .   a - +0 long sword
rCold    . . .     Gourm    .   c - +0 shield
rNeg     . . .     Faith    .   b - +0 scale mail
rPois    +         Spirit   .   J - +0 helmet
rElec    .         Reflect  .   (no cloak)
rCorr    .         Harm     .   (no gloves)
MR       .....                  (no boots)
Stlth    ..........             (no amulet)
HPRegen  0.52/turn              (no ring)
MPRegen  0.09/turn              (no ring)

@: flying, drained
A: small, deformed body, mutation resistance 1, poison resistance, regeneration
1
a: no special abilities


You were on level 4 of the Dungeon.
You were full.

You visited 1 branch of the dungeon, and saw 4 of its levels.

You collected 39 gold pieces.

Inventory:

Hand Weapons
 a - a +0 long sword (weapon)
 e - a +0 whip
 i - a +0 short sword
 m - a cursed -1 club
 q - a +0 club
 s - a +0 dagger
 t - a +0 hand axe
 u - a +0 dagger
 x - a +0 whip
 y - a +0 long sword
 z - a +0 mace
 B - a +0 club
 C - a +0 hunting sling
 D - a +2 dagger of speed
 E - a +0 dagger
 F - a +0 dagger
 G - a cursed -2 dagger
 H - a +2 dagger of draining
 O - a +2 spear of venom
Missiles
 g - 9 tomahawks (quivered)
 j - 26 sling bullets
 p - 145 stones
 L - 30 poisoned needles
Armour
 b - a +0 scale mail (worn)
 c - a +0 shield (worn)
 h - a +0 chain mail
 A - a cursed -1 leather armour
 I - a cursed +0 animal skin
 J - a +0 helmet (worn)
 M - a +0 large shield
Scrolls
 l - a scroll of identify {unknown}
 n - a scroll of fear
 o - a scroll of fog {unknown}
 v - 4 scrolls of remove curse {unknown}
Potions
 d - a potion of might
 k - 2 potions of invisibility {unknown}
 r - a potion of haste {unknown}
 K - a potion of lignification {unknown}
Comestibles
 f - 9 rations


   Skills:
 + Level 3.1(2.8) Fighting
 + Level 3.2(2.9) Long Blades
 + Level 4.2(4.0) Armour
 + Level 1.1(0.8) Dodging
 + Level 0.1(0.0) Stealth
 + Level 4.4(4.1) Shields


You had 4 spell levels left.
You didn't know any spells.

Dungeon Overview and Level Annotations

Branches:
Dungeon (4/15)             Temple (0/1) D:4

Altars:


Innate Abilities, Weirdness & Mutations

You are small and have problems with some larger weapons.
You are somewhat resistant to further mutation.
Armour fits poorly on your strangely shaped body.
Your system is resistant to poisons. (rPois)
Your natural rate of healing is unusually fast.


Message History

You begin to heal more quickly.
Found a chain mail.
You see here a chain mail.
h - a chain mail
Found 8 gold pieces.
Found an escape hatch in the ceiling.
An ogre comes into view. It is wielding a giant club.
Found a ration.
The ogre barely misses you.
You riposte.
You hit the ogre.
The ogre is moderately wounded.
The ogre hits you with a giant club!!
Ouch! That really hurt!
* * * LOW HITPOINT WARNING * * *
You hit the ogre.
The ogre is moderately wounded.
The ogre barely misses you.
You slash the ogre!
The ogre is severely wounded.
The ogre hits you with a giant club!
You die...

#.......##PPP##.#
#...# ...
#........########
##.## ##
#########..#
######.# # ..#
#......# # ..#
#.###### # ..###
#.# .....##.#
......#.#
.....%O@#
......#.#
.#...##.# ##.#
#.$ # #. #..# #
#<.# #..# ....
....


You could see an ogre.

Vanquished Creatures
  2 hounds (D:4)
  Robin (D:4)
  4 adders
  2 worms (D:2)
  A leopard gecko (D:2)
  4 giant cockroaches (D:2)
  11 goblins
  4 hobgoblins
  5 bats
  2 frilled lizards (D:2)
  2 kobolds (D:2)
  8 plants (D:4)
46 creatures vanquished.

Notes
Turn   | Place    | Note
-------+----------+-------------------------------------------
     0 | D:1      | patthesweetcat the Halfling Fighter began the quest for the Orb.
     0 | D:1      | Reached XP level 1. HP: 15/15 MP: 1/1
   799 | D:1      | You fall through a shaft!
   812 | D:2      | Reached XP level 2. HP: 19/20 MP: 2/2
   843 | D:2      | Reached XP level 3. HP: 16/25 MP: 3/3
  1093 | D:2      | Reached XP level 4. HP: 17/31 MP: 4/4
  1764 | D:4      | Noticed Robin
  1814 | D:4      | Killed Robin
  1980 | D:4      | Reached skill level 1 in Dodging
  1980 | D:4      | Reached XP level 5. HP: 24/36 MP: 5/5
  1991 | D:4      | Found a staircase to the Ecumenical Temple.
  2404 | D:4      | Gained mutation: Armour fits poorly on your strangely shaped body. [potion of mutation]
  2404 | D:4      | Gained mutation: Your system is resistant to poisons. (rPois) [potion of mutation]
  2404 | D:4      | Gained mutation: Your natural rate of healing is unusually fast. [potion of mutation]
  2433 | D:4      | Noticed an ogre
  2438 | D:4      | Slain by an ogre

Skill      XL: |  1  2  3  4  5 |
---------------+----------------+-----
Fighting       | 3 |  3.1
Shields        | 4 |  4.4
Armour         | 4 |  4.2
Dodging        | 1 |  1.1
Long Blades    | 3 |  3.2
Stealth        | |  0.1

Action                   |  1- 3 |  4- 6 || total
-------------------------+-------+-------++-------
Melee: Long sword        |    70 |   323 ||   393
  Use: Scroll            |     1 |       ||     1
       Potion            |     1 |     4 ||     5
  Eat: Ration            |       |     3 ||     3
Armor: Scale mail        |    71 |    57 ||   128
Dodge: Dodged            |    72 |    61 ||   133
Block: Shield            |   108 |    73 ||   181
       Rpst.: Long sword |    25 |    21 ||    46
